Cool Beans, neutral female gnomish Cavewoman -------- ------ |<|>.[.---....| |.|-....).....| |.||.a``|.....| |.||.@..|.....| |.|------[----| |.| |......| |.------....%.| |.............| |..-----......| ---- -------- Cool Beans the Wanderer Experience level: 7 Strength: 18 Dexterity: 13 Constitution: 18 Intelligence: 10 Wisdom: 8 Charisma: 7 Health: 0(63) Energy: 25(25) Def: 6 Gold: 938 Moves: 7243 Dungeon seed: yF9t8FtIBTN1ciGy Game ID: Cool Beans_1518203135 Your Inventory: Coins $ - 938 gold pieces Amulets t - an uncursed amulet of reflection (being worn) u - an uncursed amulet versus poison Weapons a - a blessed +1 club (weapon in hand) b - an uncursed +2 sling (alternate weapon; not wielded) h - an uncursed +0 orcish dagger k - 13 uncursed +0 arrows x - an uncursed +0 sling y - an uncursed +0 sling T - a cursed +0 dagger Armor n - an uncursed +0 orcish helm (being worn) p - an uncursed +0 elven mithril-coat (being worn) q - an uncursed +0 pair of high boots A - an uncursed +0 mummy wrapping N - an uncursed +0 orcish cloak Comestibles d - 2 uncursed lichen corpses s - 2 uncursed food rations z - an uncursed tripe ration E - 3 uncursed eggs G - 2 uncursed lembas wafers Scrolls o - 6 uncursed scrolls of blank paper D - a blessed scroll of blank paper J - an uncursed scroll of identify R - a cursed scroll of earth Spellbooks i - a cursed spellbook of blank paper w - an uncursed spellbook of protection Potions m - an uncursed potion of extra healing F - a potion of holy water S - an uncursed potion of blindness Rings c - an uncursed ring of teleport control f - an uncursed ring of protection from shape changers H - an uncursed ring of warning M - an uncursed +6 ring of increase accuracy W - an uncursed ring of invisibility Y - an uncursed ring of protection from shape changers Wands g - an uncursed wand of probing (0:3) l - an uncursed wand of teleportation (0:1) v - an uncursed wand of light (0:15) K - an uncursed wand of digging (0:5) P - an uncursed wand of magic missile (0:0) X - an uncursed wand of speed monster (0:2) Tools j - an uncursed towel U - a cursed figurine of a green mold Gems e - an uncursed flint stone r - 2 uncursed worthless pieces of blue glass Spells and supernatural/magical abilities: Name Level Category Fail Memory W - pray for help -- divine ? -- Your skills at the end: Fighting Skills bare handed combat [Basic] Weapon Skills club [Skilled] sling [Basic] Spellcasting Skills Final Attributes: You had infravision. You were slow. You had reflection. You are dead. Vanquished creatures: 2 giant mimics a giant beetle an iron piercer a brown pudding a dingo a housecat 8 bugbears 6 Uruk-hai 4 rock piercers a rock mole a pony 2 yellow lights a shrieker 2 violet fungi 4 gnome lords a kobold mummy a golden naga hatchling a gray ooze an elf zombie 2 paper golems a baby crocodile a giant ant a little dog 3 floating eyes a kitten a homunculus a kobold lord 2 rothes 2 rabid rats 2 centipedes 2 giant bats a monkey 2 orc zombies a dwarf zombie 2 wererats 3 iguanas 26 killer bees 2 acid blobs a coyote 2 gas spores 4 hobbits 2 manes 2 large kobolds 7 hobgoblins a giant rat 5 cave spiders a brown mold a yellow mold 3 green molds 7 gnomes 10 garter snakes 3 gnome zombies 3 geckos 12 jackals 8 foxes 5 kobolds 8 goblins 5 sewer rats 11 grid bugs 6 bats 11 lichens 7 newts 221 creatures vanquished. Voluntary challenges: You used a wielded weapon 172 times, starting on turn 7. You read items or engraved 15 times, starting on turn 774. You never genocided any monsters. You never polymorphed an object. You never changed form. You used no wishes. You never split a pudding. You wrote Elbereth's name 3 times, starting on turn 7210. You never violated your personal moral code. Dungeon overview: The Dungeons of Doom: levels 1 to 7 Level 1 a vault a long staircase Level 2 a scroll shop, a vault Level 3 a fountain Level 4 an altar to Anu a long staircase Level 5 many fountains Level 6 a fountain stairs to Sokoban Level 7 Sokoban: levels 2 to 5 Level 2 Level 3 Level 4 Level 5 <- You were here Solved stairs to The Dungeons of Doom History has recorded: On T:1 you entered the Dungeons of Doom to retrieve the Amulet of Yendor! On T:141 you advanced to experience level 2. On T:286 you reached level 2 of The Dungeons of Doom. On T:618 you advanced to experience level 3. On T:803 you reached level 3 of The Dungeons of Doom. On T:1241 you reached level 4 of The Dungeons of Doom. On T:1501 you advanced to experience level 4. On T:1861 you reached level 5 of The Dungeons of Doom. On T:1991 you received advice from The Oracle On T:2124 you reached level 6 of The Dungeons of Doom. On T:2139 you advanced to experience level 5. On T:2427 you reached level 7 of The Dungeons of Doom. On T:2644 you advanced to experience level 6. On T:3091 you reached level 4 of Sokoban. On T:3697 you advanced to experience level 7. On T:3762 you reached level 3 of Sokoban. On T:4551 you reached level 2 of Sokoban. On T:5130 you reached level 1 of Sokoban. Score breakdown: Gold: 938 (10111 points) Experience: 7 levels (13645 points) Exploration: 7 levels ( 14.89%) (10834 points) Discoveries: 11 items ( 3.63%) ( 5716 points) Valuables value: (no points given unless you survive) Artifact value: 0 ( 0 points) Variety of kills: 62 monsters ( 16.32%) (12117 points) Turncount: 7243 turns (-1902 points) Survival: died (score multiplied by 80%) Total score: 40416 Latest messages: You see here a crude short sword. [2 turns] (3x) You hear some noises in the distance. [2 turns] You hear some noises in the distance. [2 turns] You hear some noises in the distance. [2 turns] The soldier ant bites! The soldier ant misses. The soldier ant bites! The soldier ant stings! The soldier ant's sting was poisoned! You hear some noises in the distance. [2 turns] The soldier ant bites! The soldier ant stings! The soldier ant bites! The soldier ant stings! The soldier ant bites! The soldier ant stings! You die... Final status: Goodbye Cool Beans the Cavewoman, killed by a soldier ant... You died in Sokoban on dungeon level 5 with 40416 points, and 938 pieces of gold, after 7243 moves. You were level 7 with a maximum of 63 hit points when you died.